 Dungeon Crawl Stone Soup version 0.21-a0-193-g085b6a0 (console) character file.

1205 Duffy the Conjurer (level 8, -2/37 HPs)
             Began as a Vine Stalker Fire Elementalist on Aug 14, 2017.
             Slain by an orc warrior
             ... wielding a +2 war axe of venom
              (16 damage)
             ... on level 6 of the Dungeon.
             The game lasted 00:10:25 (6586 turns).

Duffy the Conjurer (Vine Stalker Fire Elementalist) Turns: 6586, Time: 00:10:26

Health: -2/37      AC:  5    Str: 11    XL:     8   Next: 45%
Magic:  0/25       EV: 12    Int: 17    God:
Gold:   317        SH:  0    Dex: 15    Spells: 4/17 levels left

rFire    . . .     SeeInvis .   u - +1 dagger (venom)
rCold    . . .     Gourm    .   (no shield)
rNeg     . . .     Faith    .   a - +0 robe
rPois    .         Spirit   +   x - +0 helmet
rElec    .         Reflect  .   (no cloak)
rCorr    .         Harm     .   s - +1 pair of gloves
MR       +....                  (no boots)
Stlth    ++........             (no amulet)
HPRegen  0.52/turn              y - ring of magical power
MPRegen  0.19/turn              (no ring)

@: very slightly contaminated
A: fangs 3, regeneration 1, magic shield, antimagic bite, no potion heal 3, rot
immunity
a: no special abilities


You were on level 6 of the Dungeon.
You were not hungry.

You visited 1 branch of the dungeon, and saw 7 of its levels.

You collected 317 gold pieces.

Inventory:

Hand Weapons
 d - a +0 great sword
 t - a +1 mace of venom
 u - a +1 dagger of venom (weapon)
 v - a +0 dagger of venom
Armour
 a - a +0 robe (worn)
 s - a +1 pair of gloves (worn)
 x - a +0 helmet (worn)
Jewellery
 y - a ring of magical power (left hand)
Wands
 n - a wand of polymorph (0/24)
 r - a wand of lightning (10/15)
 A - a wand of iceblast (5/15)
Scrolls
 e - 3 scrolls of teleportation
 h - a scroll of magic mapping
 i - 3 scrolls of enchant weapon
 l - 2 scrolls of remove curse
 q - a scroll of immolation
Potions
 j - 2 potions of agility
 k - a potion of ambrosia {unknown}
 m - 2 potions of might
 w - 2 potions of curing
 z - 2 potions of brilliance
Books
 b - a book of Flames

   Spells                             Type                      Level
   a - Flame Tongue                   Conjuration/Fire             1
   b - Throw Flame                    Conjuration/Fire             2
   c - Conjure Flame                  Conjuration/Fire             3
   d - Inner Flame                    Hexes/Fire                   3
   e - Sticky Flame                   Conjuration/Fire             4
   f - Fireball                       Conjuration/Fire             5
Comestibles
 c - 4 bread rations
 f - 2 meat rations
 g - 3 fruits
 o - 4 royal jellies
 p - 2 chunks of flesh


   Skills:
 + Level 0.3 Fighting
 - Level 1.5 Dodging
 - Level 2.4 Stealth
 - Level 5.1 Spellcasting
 - Level 7.4 Conjurations
 - Level 5.3 Fire Magic


You had 4 spell levels left.
You knew the following spells:

 Your Spells              Type           Power        Failure   Level  Hunger
a - Flame Tongue          Conj/Fire      ####.        1%          1    None
j - Sticky Flame          Conj/Fire      ####....     10%         4    ####...
k - Fireball              Conj/Fire      ####......   28%         5    ######.
l - Conjure Flame         Conj/Fire      ####....     3%          3    ###....


Dungeon Overview and Level Annotations

Branches:
Dungeon (7/15)
 Temple: D:4-7

Altars:
Dithmenos
Elyvilon
Fedhas
Kikubaaqudgha
Nemelex Xobeh
Okawaru
Zin


Innate Abilities, Weirdness & Mutations

You have razor-sharp teeth.
Your natural rate of healing is unusually fast.
When hurt, damage is shared between your health and your magic reserves.
Your bite disrupts and absorbs the magic of your enemies.
Potions cannot restore your health.
You are immune to rotting.


Message History

You are more poisoned.
You feel sick.
The orc warrior burns!
You feel sick.
You feel sick.
You feel sick.
You feel sick.
You feel sick.
You feel sick.
You feel sick.
Okay, then.
Your system rejects the healing.
You feel better. The orc warrior barely misses you.
Cast which spell? (? or * to list)
Aiming: Conjure Flame
Press: ? - help, Dir - move target cursor, p - orc warrior You miscast Conjure Flame.
You are very lightly contaminated with residual magic.
Nothing appears to happen.
The orc warrior hits you with a war axe of venom!!
You die...

.# #.# #.###.#.#.##.#
.# #.# #.# ##.>.###.#
.####.# #.# ##..# #.#
......# #.# ##.# #.#
.########.######.# #.#
..............##.# #.#
#########.###.##.###.#
..........."..#...##.#
.########.......@....#
.# #######.o.#### .#
##.## .# #.#
>######### #.#
.........#######.#
.#######.........#
.#################
.............#


You could see an orc warrior.

Vanquished Creatures
  Edmund (D:3)
  3 ogres
  A phantom (D:5)
  A centaur (D:5)
  2 crimson imps (D:5)
  A centaur zombie (D:6)
  3 hounds
  3 orc priests
  A worker ant (D:5)
  4 orc wizards
  Robin (D:4)
  6 gnolls
  A howler monkey skeleton (D:4)
  7 adders
  An ooze (D:6)
  2 worms
  3 dart slugs
  A leopard gecko (D:3)
  14 orcs
  5 ball pythons
  7 giant cockroaches
  6 hobgoblins
  7 jackals
  4 kobolds
  2 quokkas
  8 bats
  2 frilled lizards
  9 goblins
  7 rats
113 creatures vanquished.

Vanquished Creatures (others)
  A worker ant zombie (D:6)
1 creature vanquished.

Grand Total: 114 creatures vanquished

Notes
Turn   | Place    | Note
-------+----------+-------------------------------------------
     0 | D:1      | Duffy the Vine Stalker Fire Elementalist began the quest for the Orb.
     0 | D:1      | Reached XP level 1. HP: 9/9 MP: 4/4
   382 | D:1      | Reached skill level 2 in Conjurations
   382 | D:1      | Reached XP level 2. HP: 13/13 MP: 4/6
   970 | D:2      | Reached skill level 3 in Conjurations
   970 | D:2      | Reached XP level 3. HP: 15/16 MP: 0/7
  1126 | D:2      | Learned a level 3 spell: Conjure Flame
  2003 | D:2      | Gained mutation: Your natural rate of healing is unusually fast. [Vine Stalker growth]
  2003 | D:2      | Reached XP level 4. HP: 21/21 MP: 4/8
  2584 | D:3      | Learned a level 4 spell: Sticky Flame
  2626 | D:3      | Found a white marble altar of Elyvilon.
  2828 | D:4      | Noticed Edmund
  2833 | D:3      | Reached XP level 5. HP: 21/24 MP: 1/10
  3029 | D:3      | Killed Edmund
  3029 | D:3      | Reached skill level 4 in Conjurations
  3029 | D:3      | Reached XP level 6. HP: 28/28 MP: 6/12
  3147 | D:4      | Reached skill level 5 in Conjurations
  3780 | D:4      | Found an ancient bone altar of Kikubaaqudgha.
  3781 | D:4      | Found a blossoming altar of Fedhas.
  3856 | D:4      | Found a shadowy altar of Dithmenos.
  3902 | D:4      | Reached XP level 7. HP: 32/32 MP: 4/13
  3973 | D:4      | Learned a level 5 spell: Fireball
  4314 | D:4      | Noticed Robin
  4329 | D:4      | Killed Robin
  4479 | D:5      | Entered Level 5 of the Dungeon
  4665 | D:5      | Reached skill level 6 in Conjurations
  4913 | D:5      | Gained mutation: You have razor-sharp teeth. [Vine Stalker growth]
  4913 | D:5      | Reached XP level 8. HP: 19/36 MP: 7/16
  5074 | D:5      | Reached skill level 7 in Conjurations
  5074 | D:5      | Reached skill level 5 in Fire Magic
  5263 | D:5      | Reached skill level 5 in Spellcasting
  5619 | D:5      | Found an iron altar of Okawaru.
  5622 | D:5      | Found a sparkling altar of Nemelex Xobeh.
  5625 | D:5      | Found a glowing silver altar of Zin.
  6586 | D:6      | Slain by an orc warrior

Vault maps used:
D:1:      lightli_arrival_chessboard, serial_forest,
          infiniplex_forest_clump_cross, infiniplex_forest_lined_2,
          infiniplex_forest_clump_large, infiniplex_forest_clump_medium,
          infiniplex_forest_clump_large, minmay_misc_feat_chi, grunt_decor_cap
D:3:      minmay_misc_feat_enclosed, elyvilon_altar_5
D:4:      grunt_temple_overflow_growth_and_decay, grunt_dithmenos_smoke,
          uniq_robin, uniq_edmund
D:5:      grunt_temple_overflow_diamond, first_bread
D:6:      lemuel_flame_loot_1
D:7:      minmay_temple_entry_water_ring, kennysheep_generic_room_5

Skill      XL: |  1  2  3  4  5  6  7  8 |
---------------+-------------------------+-----
Conjurations   | 2 3 4 5 6 7 |  7.4
Spellcasting   | 3 4 5 |  5.1
Fire Magic     | 4 5 |  5.3
Fighting       | |  0.3
Dodging        | |  1.5
Stealth        | |  2.4

Action                   |  1- 3 |  4- 6 |  7- 9 || total
-------------------------+-------+-------+-------++-------
Melee: Unarmed           |     1 |    16 |       ||    17
       Great sword       |       |     1 |       ||     1
       Dagger            |       |       |   132 ||   132
       Bite              |       |       |    36 ||    36
 Cast: Flame Tongue      |    65 |    68 |    41 ||   174
       Conjure Flame     |       |     2 |     2 ||     4
       Sticky Flame      |       |     1 |    12 ||    13
  Use: Scroll            |     7 |     3 |     5 ||    15
       Potion            |       |       |     1 ||     1
 Stab: Sleeping          |       |       |     4 ||     4
  Eat: Chunk             |     3 |     8 |    10 ||    21
Armor: Robe              |     2 |     3 |    20 ||    25
       Skin              |       |     5 |       ||     5
Dodge: Dodged            |    18 |    21 |    86 ||   125
       Rpst.: Great sword |     3 |     1 |       ||     4
